 Dungeon Crawl Stone Soup version 0.23.1 (webtiles) character file.

Game seed: 10164545378909866913

70556 Monsterracer the Grappler (level 14, -29/114 HPs)
             Began as a Demonspawn Gladiator on Mar 9, 2019.
             Was the Champion of Makhleb.
             Killed from afar by Jorgrun (36 damage)
             ... with a blast of rock fragments
             ... on level 1 of the Orcish Mines.
             The game lasted 00:42:16 (30488 turns).

Monsterracer the Grappler (Demonspawn Gladiator)   Turns: 30488, Time: 00:42:16

Health: -29/114    AC: 15    Str: 19    XL:     14   Next: 94%
Magic:  24/24      EV: 18    Int: 10    God:    Makhleb [******]
Gold:   1572       SH: 16    Dex: 20    Spells: 13/13 levels left

rFire    . . .     SeeInvis .     - Unarmed
rCold    + . .     Gourm    .   I - +0 large shield
rNeg     + . .     Faith    +   o - +0 steam dragon scales
rPois    .         Spirit   .   H - +1 helmet
rElec    +         Reflect  .   s - +1 cloak
rCorr    .         Harm     .   (gloves unavailable)
MR       ++...                  B - +2 pair of boots
Stlth    +++++++...             w - amulet of faith
HPRegen  0.29/turn              M - ring of protection from magic
MPRegen  0.19/turn              u - ring "Cucokym" {rElec rC+ rN+ Stlth+}

@: agile, flying (expiring)
A: claws 3, slimy green scales 1, nightstalker 2, powered by pain 2
a: Minor Destruction, Lesser Servant of Makhleb, Major Destruction, Greater
Servant of Makhleb, Renounce Religion


You were on level 1 of the Orcish Mines.
You worshipped Makhleb.
Makhleb was exalted by your worship.
You were hungry.

You visited 3 branches of the dungeon, and saw 22 of its levels.

You collected 1572 gold pieces.


Innate Abilities, Weirdness & Mutations

You have claws for hands.
You are partially covered in slimy green scales. (AC +2)
You are significantly more attuned to the shadows.
You sometimes gain power by taking damage.


   Skills:
 + Level 11.7 Fighting
   Level 3.9 Axes
 - Level 1.7 Throwing
 + Level 5.2 Armour
 + Level 6.3 Dodging
 - Level 4.0 Stealth
 + Level 7.0 Shields
 * Level 14.8 Unarmed Combat
 + Level 13.5 Invocations
 - Level 6.2 Evocations


You had 13 spell levels left.
You didn't know any spells.
Your spell library contained the following spells:

 Spells                   Type           Power        Failure   Level  Hunger
 Animate Skeleton         Necr           N/A          98%         1    ##.....
 Confusing Touch          Hex            #.....       98%         1    ##.....
 Pain                     Necr           #...         98%         1    ##.....
 Summon Small Mammal      Summ           #...         98%         1    ##.....
 Call Imp                 Summ           #.......     99%         2    ###....
 Call Canine Familiar     Summ           #.......     100%        3    ####...
 Confuse                  Hex            #.......     100%        3    ####...
 Gell's Gravitas          Tloc           #.........   100%        3    ####...
 Recall                   Summ/Tloc      N/A          100%        3    ####...
 Regeneration             Chrm/Necr      #.........   100%        3    ####...
 Summon Guardian Golem    Hex/Summ       #.......     100%        3    ####...
 Vampiric Draining        Necr           #.........   100%        3    ####...
 Animate Dead             Necr           N/A          100%        4    #####..
 Petrify                  Tmut/Erth      #.......     100%        4    #####..
 Summon Ice Beast         Ice/Summ       #.......     100%        4    #####..
 Summon Lightning Spire   Summ/Air       #.......     100%        4    #####..
 Aura of Abjuration       Summ           #.........   100%        5    ######.
 Metabolic Englaciation   Hex/Ice        #.........   100%        5    ######.
 Silence                  Hex/Air        #.........   100%        5    ######.
 Summon Demon             Summ           #.........   100%        5    ######.
 Summon Forest            Summ/Tloc      #.........   100%        5    ######.
 Summon Mana Viper        Hex/Summ       #.......     100%        5    ######.
 Yara's Violent Unravell  Hex/Tmut       #.........   100%        5    ######.
 Conjure Ball Lightning   Conj/Air       #.........   100%        6    #######
 Deflect Missiles         Chrm/Air       #.........   100%        6    #######
 Shadow Creatures         Summ           N/A          100%        6    #######
 Tornado                  Air            #.........   100%        9    #######

Inventory:

Missiles
 y - 3 throwing nets (quivered) {!f}
Armour
 o - +0 steam dragon scales (worn)
   (You found it on level 6 of the Lair of Beasts)
 s - a +1 cloak (worn)
   (You found it on level 5 of the Dungeon)
 B - a +2 pair of boots (worn)
   (You found it on level 1 of the Lair of Beasts)
 H - a +1 helmet (worn)
 I - a +0 large shield (worn)
   (You found it on level 10 of the Dungeon)
Jewellery
 u - the ring "Cucokym" (right claw) {rElec rC+ rN+ Stlth+}
   (You found it on level 12 of the Dungeon)

   [ring of positive energy]

   It protects you from cold.
   It insulates you from electricity.
   It protects you from negative energy.
   It makes you more stealthy.
 w - an amulet of faith (around neck)
   (You found it on level 4 of the Lair of Beasts)
 F - an uncursed ring of protection from fire
   (You found it on level 3 of the Dungeon)
 M - a ring of protection from magic (left claw)
   (You found it on level 5 of the Dungeon)
 S - an uncursed ring of see invisible
   (You found it on level 8 of the Dungeon)
Wands
 i - a wand of acid (18)
   (You found it on level 5 of the Lair of Beasts)
 q - a wand of flame (28)
   (You found it on level 4 of the Dungeon)
 v - a wand of paralysis (3)
   (You found it on level 6 of the Dungeon)
 x - a wand of scattershot (6)
   (You found it on level 6 of the Dungeon)
 L - a wand of iceblast (6)
   (You found it on level 2 of the Lair of Beasts)
Scrolls
 f - 7 scrolls of identify
 h - 2 scrolls of immolation {!r}
 m - 2 scrolls of magic mapping
 r - 8 scrolls of remove curse
 G - a scroll of vulnerability
 K - 2 scrolls of fog
 X - 5 scrolls of blinking
Potions
 a - 2 potions of resistance
 b - 2 potions of flight
 d - 2 potions of heal wounds
 e - 3 potions of curing
 g - 2 potions of agility
 j - 6 potions of might
 k - a potion of cancellation
 n - 2 potions of mutation {!q}
 p - 2 potions of magic
 z - 3 potions of brilliance
 A - a potion of lignification
 D - 2 potions of ambrosia {!q}
Miscellaneous
 J - a fan of gales (inert)
   (You found it on level 2 of the Lair of Beasts)
Comestibles
 c - 38 rations
 l - 3 chunks of flesh

Dungeon Overview and Level Annotations

Branches:
Dungeon (15/15)            Temple (0/1) D:7            Lair (6/6) D:9
  Swamp (0/4) Lair:2       Spider (0/4) Lair:4        Slime (0/5) Lair:5
    Orc (1/2) D:10
 Vaults: D:13-14     Depths: D:15

Altars:
Ashenzari
Cheibriados
Hepliaklqana
Makhleb
Nemelex Xobeh
Sif Muna
Trog
Wu Jian
Yredelemnul
Zin
The Shining One

Annotations:
D:13 Rupert, Urug
Lair:4 exclusion: oklob plant
Orc:1 Jorgrun

#.........# #........#
##...)...# ###
#....g).####.## #
##....2.##.#...### ###.
#...##.##.....##.####...
##.##...#..##.#...##....
#####.........#.###....
##@#.#.....###....#
###)....#...#.....#
#.))).#.#........##
#..<)######))...###
##.....###..)......
###.....#.........
#..........#.....
##.......#.#....)
#############.)(


You could see Jorgrun and a friendly cacodemon.


Message History

The two-headed ogre completely misses you.
You block the two-headed ogre's attack.
You claw the two-headed ogre!
You kill the two-headed ogre!
Makhleb accepts your kill.
You feel better.
Jorgrun hits you with a +0 quarterstaff of crushing.
You regained 12 hp, and now have 100/114 hp.
You scratch Jorgrun but do no damage.
Jorgrun is lightly wounded.
Jorgrun points at you and mumbles some strange words.
Roots burst forth from the earth!
The grasping roots grab you! The grasping roots constrict you.
You take 3 damage, and have 97/114 hp.
Your shield prevents you from hitting Jorgrun.
Jorgrun is lightly wounded.
Jorgrun points at you and mumbles some strange words.
You are slowing down.
The grasping roots constrict you!
You take 7 damage, and have 90/114 hp.
Okay, then.
Okay, then.
Evoke which item? (* to show all) (? for menu, Esc to quit)
Okay, then.
Okay, then.
Really read
E - a scroll of fear {!r}?
As you read the scroll of fear {!r}, it crumbles to dust.
You assume a fearsome visage.
Jorgrun resists with almost no effort.
The ogre looks frightened!
Jorgrun casts a spell at you. The iron shot hits you!
The grasping roots constrict you!
Your limbs are stiffening.
You take 14 damage, and have 76/114 hp.
Evoke which item? (* to show all) (? for menu, Esc to quit)
A fierce wind blows from the fan.
Jorgrun is blown away by the wind.
The grasping roots constrict you!
You have turned to stone.
You are feeling hungry.
Jorgrun mutters some incantations to himself.
Jorgrun hits you with a +0 quarterstaff of crushing!
* * * LOW HITPOINT WARNING * * *
The grasping roots constrict you! Jorgrun hits you but does no damage.
* * * LOW HITPOINT WARNING * * *
The grasping roots constrict you!
The grasping roots release their grip on you.
Jorgrun hits you with a +0 quarterstaff of crushing.
* * * LOW HITPOINT WARNING * * *
Jorgrun hits you with a +0 quarterstaff of crushing!
* * * LOW HITPOINT WARNING * * *
* * * LOW HITPOINT WARNING * * *
Jorgrun hits you but does no damage.
Jorgrun hits you with a +0 quarterstaff of crushing!
* * * LOW HITPOINT WARNING * * *
* * * LOW HITPOINT WARNING * * *
Jorgrun hits you with a +0 quarterstaff of crushing.
* * * LOW HITPOINT WARNING * * *
* * * LOW HITPOINT WARNING * * *
Jorgrun hits you with a +0 quarterstaff of crushing!
* * * LOW HITPOINT WARNING * * *
Jorgrun hits you with a +0 quarterstaff of crushing!
* * * LOW HITPOINT WARNING * * *
* * * LOW HITPOINT WARNING * * *
You turn to flesh and can move again.
You take 52 damage, and have 24/114 hp.
MASSIVE DAMAGE!!
Evoke which item? (* to show all) (? for menu, Esc to quit)
Aiming: Paralyse
Press: ? - help, Shift-Dir - straight line, f - Jorgrun
Aim: Jorgrun, wielding a +0 quarterstaff of crushing and wearing a +2 robe (chance to defeat MR: 1%)
Okay, then.
Okay, then.
A demon appears!
You block Jorgrun's attack.
You take 9 damage, and have 15/114 hp.
Your cacodemon gestures at Jorgrun.
Jorgrun resists with almost no effort.
You swap places.
Your cacodemon barely misses Jorgrun.
Your cacodemon hits Jorgrun!
Jorgrun hits your cacodemon with a +0 quarterstaff of crushing!
Your cacodemon hits Jorgrun!
Your cacodemon completely misses Jorgrun.
Some of the chunks of flesh in your inventory have rotted away.
You are starting to lose your buoyancy.
Jorgrun hits your cacodemon with a +0 quarterstaff of crushing!
Your cacodemon barely misses Jorgrun.
Your cacodemon hits Jorgrun! Jorgrun casts a spell at you.
Roots burst forth from the earth!
The grasping roots grab you! The grasping roots constrict you.
Your cacodemon hits Jorgrun. Your cacodemon hits Jorgrun!
Jorgrun points at you and mumbles some strange words.
Your cacodemon resists with almost no effort.
* * * LOW HITPOINT WARNING * * *
The grasping roots constrict you!
Your cacodemon barely misses Jorgrun.
Your cacodemon misses Jorgrun.
You take 10 damage, and have 6/114 hp.
Okay, then.
You escape the roots' grasp.
Jorgrun gestures at your cacodemon while chanting.
The wall shatters!
The blast of rock fragments hits you!!!
You die...

Skill      XL: |  1  2  3  4  5  6  7  8  9 10 11 12 13 14 |
---------------+-------------------------------------------+-----
Axes           | 3 |  3.9
Fighting       | 3 4 6 7 8 9 10 11 | 11.7
Unarmed Combat | 1 3 5 6 8 9 10 11 13 14 | 14.8
Invocations    | 4 6 8 9 11 12 13 | 13.5
Evocations     | 2 4 6 |  6.2
Dodging        | 3 5 6 |  6.3
Stealth        | 3 4 |  4.0
Shields        | 3 5 7 |  7.0
Armour         | 3 5 |  5.2
Throwing       | |  1.7

Action                   |  1- 3 |  4- 6 |  7- 9 | 10-12 | 13-15 || total
-------------------------+-------+-------+-------+-------+-------++-------
Melee: War axe           |    80 |   105 |       |       |       ||   185
       Unarmed           |       |    75 |   392 |   726 |  1118 ||  2311
       Punch             |       |       |    11 |    25 |       ||    36
Throw: Throwing net      |       |       |       |       |     1 ||     1
Invok: Minor Destruction |       |       |       |     3 |    57 ||    60
       Greater Servant o |       |       |       |       |     3 ||     3
       Lesser Servant of |       |       |       |       |     3 ||     3
Evoke: Sack of spiders   |       |       |     3 |       |       ||     3
       Wand              |       |       |     2 |    13 |     2 ||    17
       Fan of gales      |       |       |       |     1 |     3 ||     4
  Use: Potion            |       |       |       |     1 |     6 ||     7
       Scroll            |       |       |       |    22 |    13 ||    35
 Stab: Sleeping          |     1 |     2 |    12 |    15 |    29 ||    59
       Distracted        |       |       |     2 |     1 |     3 ||     6
       Paralysed         |       |       |     2 |     6 |       ||     8
       Held in net/web   |       |       |       |       |     3 ||     3
  Eat: Chunk             |     1 |     7 |    17 |    28 |    24 ||    77
       Ration            |       |       |       |     2 |     5 ||     7
Armor: Leather armour    |     6 |       |       |       |       ||     6
       Ring mail         |    19 |    70 |   130 |   121 |       ||   340
       Scale mail        |       |       |       |   114 |    27 ||   141
       Steam dragon scal |       |       |       |       |   331 ||   331
       Skin              |       |       |       |       |    16 ||    16
Dodge: Dodged            |    44 |   114 |   176 |   412 |   414 ||  1160
Block: Buckler           |       |       |       |    28 |    30 ||    58
       Large shield      |       |       |       |       |   798 ||   798

Levels and vault maps discovered:
D:1:      minmay_arrival_five_plusses, layout_rooms, minivault_27,
          chequers_mini_garden, minmay_tall_x
D:2:      layout_basic, marbit_many_paths, serial_glass, glass_columns_a,
          glass_columns_a, uniq_terence
D:3:      layout_rooms, minmay_misc_feat_diagonals
D:4:      layout_loops_cross, grunt_temple_overflow_holy_war,
          nemelex_xobeh_ov_fountains_minmay, first_ration
D:5:      layout_loops_ring, lemuel_coloured_pillars_altar,
          minmay_fractal_squares_5
D:6:      layout_basic, grunt_temple_overflow_order_and_chaos_2,
          ashenzari_altar_1
D:7:      layout_loops_ring, slow_altar_2, minmay_temple_entry_slanted
D:8:      layout_loops_ring, blue_anna_alchemist [blue_anna_fruit_fields,
          blue_anna_fruit_fields]
D:9:      layout_basic, amethyst_overflow_temple_binary, lair_entry_dummy,
          basic_altar, st_stairs_5
D:10:     layout_basic, david_orc_4
D:11:     layout_small_grid, eino_small_chamber_without_monster,
          chequers_serial_rivers_large_a, minmay_door_square
D:12:     layout_irregular_city
D:13:     layout_irregular_city, uniq_urug, uniq_josephine, uniq_rupert,
          uniq_kirke
D:14:     layout_irregular_city, hangedman_vaults_entry_quadrant_bands,
          old_standard_altar, serial_shops, nicolae_shop_trees,
          lemuel_mausoleum_altar_yredelemnul
D:15:     gammafunk_enter_depths_forms, layout_rooms, basic_altar,
          columned_hall_lemuel, uniq_louise
Lair:1:   layout_gridlike, gammafunk_lair_bear_cave, serial_bayou_shore_b,
          grunt_megastairs_2, lemuel_fruit_fields, lemuel_fruit_tree
Lair:2:   layout_layer_cave, minmay_swamp_entry_reptiles, beast_lair_carwin_4
Lair:3:   layout_hall_layers, special_room [special_room_bee], st_stairs_5,
          grunt_megastairs_1
Lair:4:   regret_index_harrowing_hell_hive, layout_misc_corridors,
          nicolae_spider_entry_orb_guardian
Lair:5:   layout_cave_pods, minmay_slime_entry_jelly_boxes,
          nicolae_lair_grove_arrangements, forest_entry_grove
Lair:6:   hangedman_lair_tendril_chambers, layout_misc_corridors,
          guppyfry_lair_end_dragon, lemuel_fruit_fields
Orc:1:    layout_diamond_mine, enter_volcano_4, mines_bat_river, uniq_jorgrun

Notes
Turn   | Place    | Note
-------+----------+-------------------------------------------
     0 | D:1      | Monsterracer the Demonspawn Gladiator began the quest for
                  | the Orb.
     0 | D:1      | Reached XP level 1. HP: 16/16 MP: 1/1
   359 | D:1      | Gained mutation: You are partially covered in slimy green
                  | scales. (AC +2) [demonic ancestry]
   359 | D:1      | Reached XP level 2. HP: 20/23 MP: 2/2
   755 | D:2      | Found a hazy altar of Hepliaklqana.
   875 | D:2      | Noticed Terence
   889 | D:2      | Killed Terence
   889 | D:2      | Gained mutation: You are slightly more attuned to the
                  | shadows. [demonic ancestry]
   889 | D:2      | Reached XP level 3. HP: 18/29 MP: 3/3
  1196 | D:2      | HP: 14/29 [worm (1)]
  1393 | D:3      | HP: 12/29 [wight/+3 long sword (7)]
  1395 | D:3      | Gained mutation: You have sharp fingernails. [demonic
                  | ancestry]
  1395 | D:3      | Reached XP level 4. HP: 14/36 MP: 4/4
  1599 | D:3      | Reached skill level 1 in Unarmed Combat
  1599 | D:3      | Gained mutation: You sometimes gain a little power by
                  | taking damage. [demonic ancestry]
  1599 | D:3      | Reached XP level 5. HP: 35/41 MP: 5/5
  1663 | D:3      | Reached skill level 2 in Unarmed Combat
  1977 | D:3      | Reached skill level 3 in Unarmed Combat
  2259 | D:3      | Reached XP level 6. HP: 43/47 MP: 6/6
  2289 | D:4      | Reached skill level 4 in Unarmed Combat
  2795 | D:4      | Found a sparkling altar of Nemelex Xobeh.
  3093 | D:4      | Reached skill level 5 in Unarmed Combat
  3157 | D:4      | Found a glowing golden altar of the Shining One.
  3241 | D:4      | Found a basalt altar of Yredelemnul.
  3244 | D:4      | Noticed a profane servitor
  3288 | D:4      | Noticed an angel
  3308 | D:4      | Gained mutation: You are significantly more attuned to the
                  | shadows. [demonic ancestry]
  3308 | D:4      | Reached XP level 7. HP: 53/53 MP: 7/7
  3494 | D:5      | Entered Level 5 of the Dungeon
  3776 | D:5      | HP: 27/54 [acid (1)]
  4317 | D:5      | Found a bloodstained altar of Trog.
  4506 | D:6      | Reached skill level 6 in Unarmed Combat
  5152 | D:6      | Found a burning altar of Makhleb.
  5152 | D:6      | Found a glowing silver altar of Zin.
  5173 | D:6      | Noticed an angel
  5175 | D:6      | Noticed a balrug
  5252 | D:6      | Became a worshipper of Makhleb the Destroyer
  5416 | D:6      | Gained mutation: You have very sharp fingernails. [demonic
                  | ancestry]
  5416 | D:6      | Reached XP level 8. HP: 43/61 MP: 8/8
  5609 | D:6      | Found a shattered altar of Ashenzari.
  5829 | D:7      | Reached skill level 5 in Fighting
  5829 | D:7      | Reached skill level 1 in Invocations
  5832 | D:7      | Found a staircase to the Ecumenical Temple.
  5874 | D:7      | Reached skill level 7 in Unarmed Combat
  6228 | D:7      | Reached * piety under Makhleb
  6569 | D:7      | Found a snail-covered altar of Cheibriados.
  6715 | D:8      | HP: 30/63 [killer bee (6)]
  6720 | D:8      | HP: 24/63 [poisoned by a killer bee]
  6725 | D:7      | HP: 19/63 [poisoned by a killer bee]
  6730 | D:7      | HP: 12/64 [poisoned by a killer bee]
  6735 | D:7      | HP: 10/64 [poisoned by a killer bee]
  6740 | D:7      | HP: 9/64 [poisoned by a killer bee]
  6747 | D:7      | HP: 8/64 [poisoned by a killer bee]
  6755 | D:7      | HP: 8/64 [poisoned by a killer bee]
  7242 | D:8      | Reached skill level 8 in Unarmed Combat
  7313 | D:8      | Noticed a two-headed ogre
  7416 | D:8      | Reached XP level 9. HP: 48/69 MP: 12/12
  7733 | D:9      | Noticed a two-headed ogre
  7899 | D:9      | Found a glowing silver altar of Zin.
  7955 | D:9      | Found a staircase to the Lair.
  7962 | Lair:1   | Entered Level 1 of the Lair of Beasts
  8056 | D:9      | Reached skill level 5 in Invocations
  8059 | D:9      | Noticed a troll
  8071 | D:9      | Killed a troll
  8200 | D:9      | Reached skill level 9 in Unarmed Combat
  8200 | D:9      | Reached skill level 1 in Evocations
  8259 | D:9      | Killed a two-headed ogre
  8538 | D:9      | Found a deep blue altar of Sif Muna.
  8545 | D:9      | Found an ornate altar of the Wu Jian Council.
  8834 | D:8      | HP: 23/72 [two-headed ogre/+0 giant club (20)]
  8837 | D:8      | Killed a two-headed ogre
  8837 | D:8      | Gained mutation: You have claws for hands. [demonic
                  | ancestry]
  8837 | D:8      | Reached XP level 10. HP: 25/79 MP: 13/15
  9878 | D:10     | Entered Level 10 of the Dungeon
 10005 | D:10     | Reached ** piety under Makhleb
 10016 | D:10     | Noticed a cyclops
 10016 | D:10     | Noticed a two-headed ogre
 10215 | Lair:1   | Noticed a seven-headed hydra
 10221 | Lair:1   | Killed a seven-headed hydra
 10221 | Lair:1   | Reached skill level 10 in Unarmed Combat
 10274 | Lair:1   | Noticed a spiny frog
 10281 | Lair:1   | Killed a spiny frog
 10854 | Lair:1   | HP: 30/80 [komodo dragon (16)]
 11072 | Lair:1   | HP: 19/80 [komodo dragon (26)]
 12044 | Lair:2   | Reached skill level 5 in Dodging
 12066 | Lair:2   | Reached XP level 11. HP: 60/86 MP: 17/17
 12186 | Lair:2   | HP: 37/86 [spiny frog (21)]
 12191 | Lair:2   | HP: 38/86 [poisoned by a spiny frog]
 12196 | Lair:1   | HP: 30/86 [poisoned by a spiny frog]
 12201 | Lair:1   | HP: 26/86 [poisoned by a spiny frog]
 12206 | Lair:1   | HP: 23/86 [poisoned by a spiny frog]
 12212 | Lair:1   | HP: 22/86 [poisoned by a spiny frog]
 12218 | Lair:1   | HP: 21/86 [poisoned by a spiny frog]
 12226 | Lair:1   | HP: 21/86 [poisoned by a spiny frog]
 13248 | Lair:2   | Found a staircase to the Swamp.
 13249 | Lair:2   | Noticed a swamp dragon
 13537 | Lair:3   | Reached skill level 1 in Stealth
 13539 | Lair:3   | Reached skill level 11 in Unarmed Combat
 13687 | Lair:3   | Reached skill level 5 in Evocations
 13827 | Lair:3   | HP: 38/87 [blink frog (13)]
 13834 | Lair:3   | HP: 26/87 [blink frog (13)]
 13842 | Lair:3   | HP: 15/87 [blink frog (13)]
 14315 | Lair:3   | HP: 41/87 [poisoned by a queen bee]
 14317 | Lair:3   | HP: 11/87 [queen bee (13)]
 14678 | Lair:3   | HP: 43/87 [poisoned by a killer bee]
 14683 | Lair:3   | HP: 41/87 [poisoned by a killer bee]
 14689 | Lair:3   | HP: 40/87 [poisoned by a killer bee]
 14694 | Lair:3   | HP: 39/87 [poisoned by a killer bee]
 14702 | Lair:3   | HP: 39/87 [poisoned by a killer bee]
 15408 | Lair:3   | Got a scorched glaive
 15492 | Lair:3   | HP: 41/87 [yak[a torpor snail] (7)]
 15496 | Lair:3   | HP: 16/87 [yak[a torpor snail] (9)]
 15498 | Lair:3   | HP: 3/87 [yak[a torpor snail] (14)]
 16061 | Lair:3   | Reached *** piety under Makhleb
 16568 | Lair:5   | Reached XP level 12. HP: 70/95 MP: 19/19
 16767 | Lair:6   | Entered Level 6 of the Lair of Beasts
 16776 | Lair:5   | HP: 43/95 [yak (7)]
 16783 | Lair:5   | HP: 47/95 [yak (9)]
 17043 | Lair:4   | Noticed a four-headed hydra
 17043 | Lair:4   | Noticed a four-headed hydra
 17047 | Lair:4   | Reached skill level 10 in Invocations
 17225 | Lair:5   | Noticed a six-headed hydra
 17358 | Lair:5   | Reached skill level 1 in Shields
 17358 | Lair:5   | Reached skill level 12 in Unarmed Combat
 17365 | Lair:5   | HP: 46/95 [poisoned by a black mamba]
 17371 | Lair:5   | HP: 44/95 [yak (5)]
 17383 | Lair:5   | HP: 48/96 [poisoned by a black mamba]
 17388 | Lair:5   | HP: 47/96 [poisoned by a black mamba]
 17393 | Lair:5   | HP: 46/96 [poisoned by a black mamba]
 17400 | Lair:5   | HP: 46/96 [poisoned by a black mamba]
 17408 | Lair:5   | HP: 46/96 [poisoned by a black mamba]
 17931 | Lair:5   | Found a staircase to the Slime Pits.
 17942 | Lair:5   | Reached **** piety under Makhleb
 18196 | Lair:5   | Killed a seven-headed hydra
 18808 | Lair:6   | HP: 46/97 [wyvern (12)]
 18938 | Lair:6   | Noticed a seven-headed hydra
 18946 | Lair:6   | Noticed a seven-headed hydra
 18950 | Lair:6   | Killed a seven-headed hydra
 18950 | Lair:6   | Reached skill level 10 in Fighting
 19487 | Lair:6   | Killed a seven-headed hydra
 19605 | Lair:6   | Reached skill level 13 in Unarmed Combat
 19605 | Lair:6   | Gained mutation: You sometimes gain power by taking damage.
                  | [demonic ancestry]
 19605 | Lair:6   | Reached XP level 13. HP: 102/103 MP: 21/21
 19659 | Lair:6   | HP: 45/103 [death yak (16)]
 19665 | Lair:6   | HP: 21/103 [death yak (12)]
 19666 | Lair:6   | Reached ***** piety under Makhleb
 19670 | Lair:6   | HP: 35/103 [death yak (13)]
 19675 | Lair:6   | HP: 7/103 [death yak (11)]
 19985 | Lair:6   | Got an ancient flail
 20100 | Lair:6   | Noticed a balrug
 20103 | Lair:6   | HP: 31/104 [komodo dragon (23)]
 20108 | Lair:6   | HP: 28/104 [poisoned by a water moccasin]
 20113 | Lair:6   | HP: 27/104 [poisoned by a water moccasin]
 20120 | Lair:6   | HP: 27/104 [poisoned by a water moccasin]
 20128 | Lair:6   | HP: 27/104 [poisoned by a water moccasin]
 20522 | Lair:6   | Noticed a fire dragon
 20535 | Lair:6   | Killed a fire dragon
 20535 | Lair:6   | Reached skill level 1 in Armour
 20864 | Lair:6   | HP: 47/104 [black mamba (9)]
 20869 | Lair:6   | HP: 46/104 [poisoned by a wolf spider]
 20874 | Lair:6   | HP: 35/104 [poisoned by a wolf spider]
 20879 | Lair:6   | HP: 28/104 [poisoned by a wolf spider]
 20884 | Lair:6   | HP: 24/104 [poisoned by a wolf spider]
 20890 | Lair:6   | HP: 20/104 [poisoned by a wolf spider]
 20895 | Lair:6   | HP: 19/104 [poisoned by a wolf spider]
 20900 | Lair:6   | HP: 18/104 [poisoned by a wolf spider]
 20907 | Lair:6   | HP: 18/104 [poisoned by a wolf spider]
 20912 | Lair:6   | HP: 29/104 [poisoned by a wolf spider]
 21371 | Lair:6   | HP: 52/104 [guardian serpent (17)]
 21377 | Lair:6   | HP: 42/104 [spiny frog (19)]
 21383 | Lair:6   | HP: 9/104 [guardian serpent/bolt of poison (18)]
 21754 | Lair:6   | HP: 47/104 [black mamba (7)]
 21759 | Lair:6   | HP: 43/104 [poisoned by a black mamba]
 21764 | Lair:6   | HP: 47/104 [poisoned by a black mamba]
 21770 | Lair:6   | HP: 43/104 [poisoned by a black mamba]
 21775 | Lair:6   | HP: 40/104 [poisoned by a black mamba]
 21780 | Lair:6   | HP: 39/104 [poisoned by a black mamba]
 21786 | Lair:6   | HP: 39/104 [poisoned by a black mamba]
 21793 | Lair:5   | HP: 39/104 [poisoned by a black mamba]
 22086 | Lair:6   | Reached skill level 5 in Shields
 22742 | Lair:4   | Found a hole to the Spider Nest.
 23156 | Lair:4   | Reached skill level 14 in Unarmed Combat
 23467 | Lair:4   | Reached XP level 14. HP: 113/113 MP: 23/23
 23551 | Lair:4   | HP: 54/113 [four-headed hydra (5)]
 23737 | Lair:4   | HP: 48/113 [acid (15)]
 24268 | Lair:4   | Got a faintly humming ring mail
 24279 | Lair:4   | Identified the +1 ring mail of Eghirhog {+Fly rF+ rC-} (You
                  | found it on level 4 of the Lair of Beasts)
 24838 | Lair:2   | HP: 55/113 [poison (poison gas)]
 24843 | Lair:2   | HP: 44/113 [poison (poison gas)]
 24848 | Lair:2   | HP: 36/113 [poison (poison gas)]
 24853 | Lair:2   | HP: 31/113 [poison (poison gas)]
 24858 | Lair:2   | HP: 28/113 [poison (poison gas)]
 24863 | Lair:2   | HP: 25/113 [poison (poison gas)]
 24868 | Lair:2   | HP: 25/113 [poison (poison gas)]
 24873 | Lair:2   | HP: 24/113 [poison (poison gas)]
 24881 | Lair:2   | HP: 24/113 [poison (poison gas)]
 25408 | D:10     | Found a staircase to the Orcish Mines.
 25773 | D:10     | HP: 50/113 [large slime creature (26)]
 26507 | D:11     | Reached ****** piety under Makhleb
 26550 | D:11     | Got a scorched ring mail
 26600 | D:11     | Identified the cursed +1 ring mail of Pantheism {Int+3}
                  | (You found it on level 11 of the Dungeon)
 27941 | D:12     | Got a glittering turquoise ring
 27953 | D:12     | Identified the ring "Cucokym" {rElec rC+ rN+ Stlth+} (You
                  | found it on level 12 of the Dungeon)
 28521 | D:12     | You fall through a shaft for 3 floors!
 28521 | D:15     | Entered Level 15 of the Dungeon
 28550 | D:15     | HP: 55/113 [eight-headed hydra (3)]
 28800 | D:14     | Found a basalt altar of Yredelemnul.
 29204 | D:13     | Reached skill level 5 in Armour
 29232 | D:13     | Noticed Josephine
 29274 | D:13     | Killed Josephine
 29288 | D:13     | Noticed Urug
 29301 | D:13     | HP: 56/114 [Urug/+2 long sword of holy wrath (11)]
 29303 | D:13     | HP: 26/114 [Urug/+2 long sword of holy wrath (7)]
 29305 | D:13     | HP: 10/114 [Urug/+2 long sword of holy wrath (7)]
 29875 | D:13     | Noticed Rupert
 29875 | D:13     | Paralysed by Rupert for 7 turns
 30222 | Orc:1    | Entered Level 1 of the Orcish Mines
 30443 | Orc:1    | Noticed Jorgrun
 30472 | Orc:1    | HP: 55/114 [Jorgrun/+0 quarterstaff of crushing (7)]
 30477 | Orc:1    | HP: 40/114 [Jorgrun/+0 quarterstaff of crushing (6)]
 30487 | Orc:1    | HP: 6/114 [Jorgrun/+0 quarterstaff of crushing (10)]
 30488 | Orc:1    | Killed from afar by Jorgrun

Vanquished Creatures
  A fire dragon (Lair:6)
  Josephine (D:13)
  7 hydras (Lair:1 Lair:5 Lair:6 Lair:4 D:15)
  A centaur warrior (D:12)
  4 two-headed ogres (D:9 D:8 D:10 Orc:1)
  3 death yaks (Lair:6)
  3 unseen horrors (D:10 D:12 D:14)
  2 swamp dragons (Lair:6 Lair:2)
  An orc knight (D:10)
  An orc sorcerer (Orc:1)
  4 ugly things (D:11 D:12)
  An orb spider (Lair:4)
  A cyclops (D:10)
  An oklob plant (Lair:4)
  2 wolf spiders (Lair:6)
  A guardian serpent (Lair:6)
  6 black mambas (Lair:5 Lair:6)
  14 elephants (Lair:4 Lair:5)
  A gargoyle (D:11)
  2 torpor snails (Lair:3 Lair:4)
  12 spiny frogs (Lair:1 Lair:2 Lair:6 Lair:4)
  9 komodo dragons (Lair:1 Lair:4 Lair:5 Lair:6)
  2 rime drakes (Lair:3)
  3 polar bears (D:9 Lair:3 Lair:5)
  3 meliai (Lair:4)
  5 trolls (D:9 D:12 D:14)
  3 hornets (Lair:6 D:11)
  2 queen bees (Lair:3 Lair:4)
  18 blink frogs (Lair:3 Lair:4 Lair:5 Lair:6)
  3 slime creatures (D:10)
  6 dream sheep (Lair:6)
  8 hippogriffs (Lair:5 Lair:6 Lair:4 D:10 D:12)
  A redback (shapeshifter) (D:13)
  6 wraiths (D:14 D:13)
  A redback (Lair:6)
  2 spriggans (Lair:5)
  54 yaks (D:9 Lair:2 Lair:3 Lair:5 Lair:6)
  12 wyverns (D:10 Lair:3 Lair:5 Lair:6 Lair:4)
  3 hungry ghosts (D:10 D:13)
  6 vampire mosquitoes (D:13)
  3 basilisks (Lair:2 Lair:4)
  3 steam dragons (Lair:6)
  23 water moccasins (Lair:1 Lair:3 Lair:4 Lair:6 D:11)
  2 acid dragons (Lair:6 D:11)
  5 porcupines (Lair:1 Lair:3 Lair:5)
  5 ice beasts (D:11 D:12 D:13)
  A hornet zombie (D:12)
  10 orc warriors (D:9 D:10 D:13 Orc:1)
  4 black bears (D:9 Lair:1 Lair:5 D:12)
  A sky beast (D:7)
  2 swamp drakes (Lair:6)
  9 ogres (D:7 D:8 D:9 D:10 D:11)
  2 phantoms (D:8 D:9)
  9 wolves (Lair:5 Lair:6)
  3 centaurs (D:7 D:9 D:13)
  7 crocodiles (Lair:1 Lair:3 Lair:6 Lair:4 D:11)
  3 big kobolds (D:8 D:10 D:12)
  20 bullfrogs (D:6 D:7 Lair:1 Lair:2 Lair:4)
  2 scorpions (D:10 D:12)
  50 killer bees (D:8 Lair:3 Lair:4 Lair:5)
  4 wights (D:3 D:14)
  4 howler monkeys (D:5 D:6 D:10 D:9)
  An electric eel (Lair:1)
  A bullfrog zombie (D:12)
  3 crimson imps (D:5 D:6 D:8)
  A quasit (D:10)
  4 centaur zombies (D:9 D:10 D:11 D:12)
  18 jellies (D:3 D:5 Lair:5 D:10 D:13)
  5 hounds (D:3 D:7 D:11 D:12)
  12 orc priests (D:6 D:8 D:10 D:11 Orc:1)
  4 bullfrog skeletons (D:4 D:7 D:11)
  3 human zombies (D:14)
  12 orc wizards (D:4 D:5 D:8 D:10 D:11)
  4 centaur skeletons (D:4 D:5 D:8 D:11)
  Terence (D:2)
  A human skeleton (D:14)
  8 iguanas (D:5 D:6 Lair:1 Lair:2 Lair:6)
  11 worker ants (D:3 D:4 D:7 D:8 D:10)
  A killer bee zombie (D:6)
  2 ogre zombies (D:14)
  A hound zombie (D:7)
  4 hound skeletons (D:5 D:7 D:9 D:11)
  5 mummies (D:7 D:14)
  9 gnolls (D:3 D:4 D:8)
  A howler monkey skeleton (D:9)
  12 adders (D:3 D:5 D:6 D:7 D:8)
  2 shadow imps (D:7 D:10)
  4 oozes (D:1 D:5 Lair:5)
  An adder zombie (D:7)
  3 worms (D:2 D:6)
  A dart slug (D:4)
  3 leopard geckos (D:3 D:4 D:5)
  49 orcs (D:4 D:5 D:6 D:7 D:8)
  6 giant cockroaches (D:1 D:2 D:3 D:5)
  6 hobgoblins (D:1 D:2 D:3)
  10 jackals (D:1 D:3 D:6)
  3 quokkas (D:5 D:7 D:10)
  2 bats (D:2)
  3 frilled lizards (D:3 D:4)
  9 goblins (D:1 D:2 D:3)
  12 kobolds (D:1 D:2 D:3 D:10 D:12)
  A leopard gecko skeleton (D:4)
  A quokka skeleton (D:8)
  8 rats (D:1 D:2 D:3)
  A butterfly (Lair:6)
637 creatures vanquished.

Vanquished Creatures (collateral kills)
  A black mamba (Lair:6)
  2 slime creatures (D:10)
  A dream sheep (Lair:6)
  A redback (Lair:6)
5 creatures vanquished.

Vanquished Creatures (others)
  A leopard gecko (D:4)
  A bush (Lair:5)
  28 fungi (Lair:4 Lair:5 Lair:6)
  40 plants (Lair:4 Lair:5 Lair:6)
70 creatures vanquished.

Grand Total: 712 creatures vanquished

Table legend:
 A = Turns spent in this place as a percentage of turns spent in the entire game.
 B = Non-inter-level travel turns spent in this place as a percentage of non-inter-level travel turns spent in the entire game.
 C = Inter-level travel turns spent in this place as a percentage of turns spent in this place.
 D = Turns resting spent in this place as a percentage of non-inter-level travel turns spent in this place.
 E = Turns spent auto-exploring this place as a percentage of non-inter-level travel turns spent in this place.
 F = Non-inter-level travel turns spent in this place divided by the number of levels of this place that you've seen.
                   A       B       C       D       E      F
               +-------+-------+-------+-------+-------+----------------------
         Total | 100.0 | 100.0 |   3.2 |  17.5 |  62.6 | 1342.0
       Dungeon |  51.4 |  51.0 |   3.9 |  15.3 |  65.5 | 1003.7
          Lair |  48.1 |  48.5 |   2.4 |  20.0 |  60.1 | 2386.3
  Orcish Mines |   0.5 |   0.5 |   0.0 |   0.0 |   0.0 | 149.0
               +-------+-------+-------+-------+-------+----------------------

Table legend:
 A = Non-vault XP
 B = Vault XP
 C = Vault XP percentage of total XP
 D = Non-vault monster count
 E = Vault monster count
 F = Vault count percentage of total count
                 A         B        C        D         E       F
            +---------+---------+-------+---------+---------+-------
      Total |   67209 |   33586 |  33.3 |     429 |     212 |  33.1
            +---------+---------+-------+---------+---------+-------
        D:1 |      16 |       6 |  27.3 |       6 |       4 |  40.0
        D:2 |      27 |      37 |  57.8 |      12 |       2 |  14.3
        D:3 |     359 |       0 |   0.0 |      32 |       0 |   0.0
        D:4 |     294 |       0 |   0.0 |      16 |       0 |   0.0
        D:5 |      99 |     214 |  68.4 |       6 |       8 |  57.1
        D:6 |     433 |       0 |   0.0 |      18 |       0 |   0.0
        D:7 |     723 |      18 |   2.4 |      16 |       1 |   5.9
        D:8 |    1780 |      97 |   5.2 |      29 |       1 |   3.3
        D:9 |    2336 |     378 |  13.9 |      15 |       3 |  16.7
       D:10 |    6069 |     724 |  10.7 |      35 |      18 |  34.0
       D:11 |    7602 |       0 |   0.0 |      41 |       0 |   0.0
       D:12 |    6157 |       0 |   0.0 |      30 |       0 |   0.0
       D:13 |    2361 |    2105 |  47.1 |      23 |       6 |  20.7
       D:14 |    1067 |     574 |  35.0 |       2 |      12 |  85.7
       D:15 |     983 |       0 |   0.0 |       1 |       0 |   0.0
     Lair:1 |    1831 |     825 |  31.1 |       6 |       6 |  50.0
     Lair:2 |    1703 |    1631 |  48.9 |       7 |       9 |  56.2
     Lair:3 |    4451 |    1884 |  29.7 |      19 |      18 |  48.6
     Lair:4 |    7642 |   10299 |  57.4 |      24 |      53 |  68.8
     Lair:5 |    8784 |    1824 |  17.2 |      36 |      22 |  37.9
     Lair:6 |    9908 |   12967 |  56.7 |      29 |      48 |  62.3
      Orc:1 |    2584 |       3 |   0.1 |      26 |       1 |   3.7
            +---------+---------+-------+---------+---------+-------
